 Dungeon Crawl Stone Soup version 0.17-a0-1564-g7b572aa (webtiles) character file.

2566 patman the Basher (level 9, -26/76 HPs)
             Began as a Gargoyle Berserker on July 21, 2015.
             Was an Elder of Trog.
             Annihilated by a white ugly thing (31 damage)
             ... on level 9 of the Dungeon.
             The game lasted 00:13:29 (4206 turns).

patman the Basher (Gargoyle Berserker)              Turns: 4206, Time: 00:13:29

Health: -26/76     AC: 20    Str: 26    XL:     9   Next: 57%
Magic:  9/9        EV: 11    Int:  8    God:    Trog [****..]
Gold:   244        SH:  0    Dex: 14    Spells: 0 memorised, 8 levels left

rFire  . . .     SeeInvis .     a - +1 dire flail
rCold  . . .     Clarity  .     x - +0 chain mail
rNeg   + . .     SustAt   .     (no shield)
rPois  ∞         Gourm    .     C - +2 helmet
rElec  +         Spirit   .     (no cloak)
rCorr  +         Warding  .     (no gloves)
rMut   .         Stasis   .     (no boots)
MR     .....                    w - amulet of resist corrosion
Stlth  ..........               v - +2 ring of evasion
                                b - +3 ring of protection

@: berserking, very quick, not resistant to hostile enchantments, extremely
unstealthy
A: agile 1, negative energy resistance 1, electricity resistance, unbreathing,
petrification resistance, rot immunity, AC +5
a: Burn Spellbooks, Berserk, Trog's Hand, Brothers in Arms, Renounce Religion


You were on level 9 of the Dungeon.
You worshipped Trog.
Trog was greatly pleased with you.
You were hungry.

You visited 1 branch of the dungeon, and saw 9 of its levels.

You collected 244 gold pieces.

Inventory:

Hand weapons
 a - a +1 dire flail (weapon)
 n - a +0 flail
Missiles
 k - 136 stones
 o - 13 javelins (quivered)
Armour
 x - a +0 chain mail (worn)
 C - a +2 helmet (worn)
Jewellery
 b - a +3 ring of protection (left hand)
 g - a +6 ring of intelligence
 v - a +2 ring of evasion (right hand)
 w - an amulet of resist corrosion (around neck)
Magical devices
 E - a wand of lightning (4)
Scrolls
 d - a scroll of enchant weapon
 f - 4 scrolls of remove curse
 m - a scroll of recharging
 p - 2 scrolls of noise
 s - a scroll of amnesia {unknown}
 t - a scroll of immolation {unknown}
 u - a scroll of teleportation
Potions
 e - a potion of invisibility
 h - a potion of heal wounds
 i - a potion of magic
 j - 2 potions of lignification {unknown}
 l - 2 potions of flight {unknown}
 q - a potion of mutation {unknown}
 r - 3 potions of curing
 B - a potion of resistance {unknown}
 G - a potion of agility {unknown}
 H - 2 potions of berserk rage
Books
 y - a book of Death

   Spells                             Type                      Level
   a - Corpse Rot                     Necromancy                   2
   b - Sublimation of Blood           Necromancy                   2
   c - Agony                          Necromancy                   5
   d - Dispel Undead                  Necromancy                   5
   e - Excruciating Wounds            Charms/Necromancy            5
   f - Bolt of Draining               Conjuration/Necromancy       5
   Trog disapproves of the use of such an item.
Comestibles
 c - 4 bread rations
 z - a beef jerky
 A - 2 meat rations
 D - 5 chunks of flesh
 F - 5 fruits


   Skills:
 - Level 3.2 Fighting
 + Level 12.6 Maces & Flails
 - Level 2.1 Armour
 - Level 1.5 Dodging


You had 8 spell levels left.
You didn't know any spells.

Dungeon Overview and Level Annotations

Branches:
Dungeon (9/15)             Temple (0/1) D:6
   Lair: D:8-11         Orc: D:9-12

Altars:
Ashenzari
Makhleb
Trog
Yredelemnul


Innate Abilities, Weirdness & Mutations

You are resistant to torment.
Your stone body is resilient (AC +5).
You are immune to poison.
You resist negative energy.
You are resistant to electric shocks.
You can survive without breathing.
You are immune to petrification.
You are immune to rotting.
You are agile. (Dex +2)


Message History

You barely miss the white ugly thing. You closely miss the white ugly thing.
The white ugly thing gores you. The white ugly thing freezes you!!
You bludgeon the white ugly thing!!
The white ugly thing is moderately wounded.
You barely miss the white ugly thing.
The white ugly thing is moderately wounded.
The white ugly thing gores you. The white ugly thing freezes you!!
* * * LOW HITPOINT WARNING * * *
You are too injured to fight recklessly!
You completely miss the white ugly thing.
The white ugly thing is moderately wounded.
Unknown command.
Unknown command.
You puncture the white ugly thing!
The white ugly thing is heavily wounded.
The white ugly thing gores you!
* * * LOW HITPOINT WARNING * * *
The white ugly thing freezes you!!
You die...

...#######...#
.............#
.............#
.............##+
................
................
#..............
#.....<@u......
#..............
#.........#####
#.........#
###########


You could see a white ugly thing.

Vanquished Creatures
  The ghost of urechis the Grappler, an experienced TrMo (D:6)
  Prince Ribbit (D:5)
  A hippogriff (D:8)
  Edmund (D:5)
  A hungry ghost (D:8)
  A necrophage (D:7)
  A sky beast (D:8)
  2 ice beasts (D:8)
  An ogre (D:6)
  A centaur (D:8)
  A big kobold (D:8)
  A giant frog (D:7)
  3 killer bees (D:7)
  2 crimson imps
  4 hounds
  A jelly (D:6)
  A wasp zombie (D:8)
  3 iguanas
  An orc wizard (D:4)
  A gnoll shaman (D:5)
  4 worker ants
  A killer bee zombie (D:7)
  A hound zombie (D:5)
  10 adders
  3 gnolls (D:5)
  An ooze (D:1)
  3 worms (D:3)
  2 adder skeletons
  3 giant geckos
  16 orcs
  4 giant cockroaches
  13 goblins
  3 hobgoblins
  6 jackals
  14 kobolds
  3 quokkas
  7 bats
  A giant cockroach zombie (D:5)
  5 giant newts
  A quokka skeleton (D:6)
  7 rats
137 creatures vanquished.

Notes
Turn   | Place    | Note
--------------------------------------------------------------
     0 | D:1      | patman the Gargoyle Berserker began the quest for the Orb.
     0 | D:1      | Reached XP level 1. HP: 14/14 MP: 1/1
   134 | D:2      | Reached XP level 2. HP: 17/19 MP: 2/2
   211 | D:1      | Reached skill level 4 in Maces & Flails
   220 | D:1      | Reached XP level 3. HP: 16/23 MP: 3/3
   238 | D:2      | Found a shattered altar of Ashenzari.
   241 | D:2      | Found a bloodstained altar of Trog.
   495 | D:2      | Reached XP level 4. HP: 28/28 MP: 4/4
   505 | D:2      | Acquired Trog's second power
  1447 | D:3      | Reached skill level 5 in Maces & Flails
  1468 | D:3      | Gained mutation: You are agile. (Dex +2) [potion of beneficial mutation]
  1659 | D:4      | Reached XP level 5. HP: 32/32 MP: 5/5
  1937 | D:4      | Reached skill level 6 in Maces & Flails
  2196 | D:5      | Entered Level 5 of the Dungeon
  2196 | D:5      | Noticed Edmund
  2208 | D:5      | Killed Edmund
  2208 | D:5      | Reached skill level 7 in Maces & Flails
  2208 | D:5      | Reached XP level 6. HP: 37/37 MP: 6/6
  2264 | D:5      | Noticed Prince Ribbit
  2282 | D:5      | Killed Prince Ribbit
  2282 | D:5      | Reached skill level 8 in Maces & Flails
  2282 | D:5      | Reached XP level 7. HP: 17/41 MP: 7/7
  2411 | D:5      | Found a basalt altar of Yredelemnul.
  2848 | D:6      | Reached skill level 9 in Maces & Flails
  2896 | D:6      | Noticed urechis's ghost (experienced TrMo)
  2912 | D:6      | Reached XP level 8. HP: 43/46 MP: 8/8
  3084 | D:6      | Killed urechis's ghost
  3084 | D:6      | Reached skill level 10 in Maces & Flails
  3219 | D:6      | Found a staircase to the Ecumenical Temple.
  3518 | D:7      | Reached skill level 11 in Maces & Flails
  3621 | D:7      | Acquired Trog's third power
  3671 | D:7      | Reached XP level 9. HP: 31/51 MP: 9/9
  3827 | D:8      | Reached skill level 12 in Maces & Flails
  3982 | D:8      | Found a burning altar of Makhleb.
  3982 | D:8      | Noticed a green death
  4198 | D:9      | Noticed a white ugly thing
  4206 | D:9      | Annihilated by a white ugly thing

Vault maps used:
D:1:      dpeg_arrival_three_same_balls
D:2:      ashenzari_conservatory_becter, trog_butcher_becter
D:3:      kennysheep_generic_room_8
D:4:      first_bread
D:5:      lemuel_doored_altar, uniq_prince_ribbit1, uniq_edmund
D:6:      gammafunk_temple_overflow_statue, minmay_temple_entry_glassed_door
D:7:      serial_column_ruins, column_ruins_hut, column_ruins_corridor_corner,
          column_ruins_columns_plus, column_ruins_open_small_water,
          column_ruins_grid_3, column_ruins_grid_3
D:8:      enter_ossuary_4, makhleb_altar_promises_db
D:9:      gammafunk_temple_overflow_forgotten, hangedman_tree_tricks,
          kennysheep_just_a_vault, uniq_maurice

Action                   |  1- 3 |  4- 6 |  7- 9 || total
-------------------------+-------+-------+-------++-------
Melee: Mace              |    83 |    90 |       ||   173
       Flail             |       |    52 |       ||    52
       Dire flail        |       |    25 |   351 ||   376
Throw: Javelin           |       |     3 |       ||     3
Invok: Berserk           |       |     3 |     3 ||     6
  Use: Scroll            |       |     4 |     8 ||    12
       Potion            |       |     1 |       ||     1
  Eat: Chunk             |       |     4 |     4 ||     8
       Meat ration       |       |     1 |     1 ||     2
